 Dungeon Crawl Stone Soup version 0.28-a0-771-g91a516d0e7 (webtiles) character file.

Game seed: 3769938477876733325

5158 Ijustatesigmund the Blocker (level 10, -7/82 HPs)
             Began as a Gnoll Fighter on Nov 1, 2021.
             Was a Follower of Cheibriados.
             Shot with an arrow by a centaur warrior (13 damage)
             ... on level 9 of the Dungeon.
             The game lasted 00:18:48 (10109 turns).

Ijustatesigmund the Blocker (Gnoll Fighter)        Turns: 10109, Time: 00:18:49

Health: -7/82      AC: 14    Str: 19    XL:     10   Next: 59%
Magic:  18/18      EV: 12    Int: 12    God:    Cheibriados [*.....]
Gold:   281        SH:  7    Dex: 13    Spells: 19/19 levels left

rFire   . . .      SeeInvis +   a - +1 war axe (vamp)
rCold   + . .      Faith    .   c - +1 buckler
rNeg    . . .      Spirit   .   b - +0 scale mail
rPois   .          Reflect  .   s - +1 helmet
rElec   .          Harm     .   p - +1 cloak
rCorr   .          Rampage  .   (no gloves)
Will    .....                   v - +0 pair of boots
Stlth   ++........              (no amulet)
HPRegen 0.23/turn               n - ring of see invisible
MPRegen 0.16/turn               m - ring of protection from cold

@: very slow
A: fangs 1, strong nose, distributed training
a: Renounce Religion, Bend Time


You were on level 9 of the Dungeon.
You worshipped Cheibriados.
Cheibriados was aware of your devotion.
You visited 2 branches of the dungeon, and saw 10 of its levels.
You also visited: Sewer.

You collected 450 gold pieces.
You spent 169 gold pieces at shops.

Inventory:

Hand Weapons
 a - a +1 vampiric war axe (weapon)
 q - a +2 morningstar
Missiles
 f - 41 poisoned darts (quivered)
 C - 3 throwing nets
Armour
 b - a +0 scale mail (worn)
 c - a +1 buckler (worn)
 p - a +1 cloak (worn)
 s - a +1 helmet (worn)
 v - a +0 pair of boots (worn)
Jewellery
 d - a ring of protection from cold
 j - a ring of willpower
 m - a ring of protection from cold (right hand)
 n - a ring of see invisible (left hand)
 w - a ring of flight
 x - a +6 ring of strength
 A - a +4 ring of evasion
Wands
 k - a wand of flame (14)
 l - a wand of mindburst (14)
 t - a wand of digging (10)
Scrolls
 e - 2 scrolls of teleportation
 h - a scroll of fog
 y - 2 scrolls of fear
Potions
 g - 2 potions of curing
 i - a potion of cancellation
 r - a potion of berserk rage
 u - 2 potions of attraction
 z - a potion of lignification
 B - a potion of magic {unknown}


   Skills:
 + Level 8.6 Fighting
 + Level 5.4 Short Blades
 + Level 5.4 Long Blades
 + Level 7.2 Axes
 + Level 5.4 Maces & Flails
 + Level 5.4 Polearms
 + Level 5.4 Staves
 + Level 5.4 Slings
 + Level 5.4 Bows
 + Level 5.4 Crossbows
 + Level 5.4 Throwing
 + Level 8.6 Armour
 + Level 5.4 Dodging
 + Level 5.4 Stealth
 + Level 8.6 Shields
 + Level 5.4 Unarmed Combat
 + Level 5.4 Spellcasting
 + Level 4.4 Conjurations
 + Level 4.4 Hexes
 + Level 4.4 Summonings
 + Level 4.4 Necromancy
 + Level 4.4 Translocations
 + Level 4.4 Transmutations
 + Level 4.4 Fire Magic
 + Level 4.4 Ice Magic
 + Level 4.4 Air Magic
 + Level 4.4 Earth Magic
 + Level 4.4 Poison Magic
 + Level 6.0 Invocations
 + Level 5.4 Evocations


You had 19 spell levels left.
You didn't know any spells.
Your spell library contained the following spells:

 Spells                   Type           Power      Damage    Failure   Level
 Ensorcelled Hibernation  Hex/Ice        28%        N/A       12%         2
 Dazzling Flash           Conj/Hex       28%        N/A       22%         3
 Tukima's Dance           Hex            14%        N/A       22%         3
 Hailstorm                Conj/Ice       14%        3d5       58%         4
 Ice Form                 Ice/Tmut       14%        N/A       58%         4
 Iskenderun's Mystic Bla  Conj/Tloc      14%        2d5       58%         4
 Simulacrum               Ice/Necr       7%         N/A       100%        6
 Starburst                Conj/Fire      7%         6d4       100%        6


Dungeon Overview and Level Annotations

Branches:
Dungeon (9/15)             Temple (1/1) D:4           Sewer (visited)
   Lair: D:8-11         Orc: D:9-12

Altars:
Ashenzari
Cheibriados
Elyvilon
Gozag
Hepliaklqana
Kikubaaqudgha
Makhleb
Okawaru
Qazlal
Ru
Sif Muna
Trog
Uskayaw
Vehumet
Wu Jian
Xom
Yredelemnul
Zin

Shops:
D:4 *

Annotations:
D:9 1 runed translucent door, Erica, Joseph


Innate Abilities, Weirdness & Mutations

You have very sharp teeth.
Your uncanny sense of smell can sniff out nearby items.
Your experience applies equally to all skills.


Message History

You are too injured to fight recklessly!
You are too injured to fight recklessly!
Unknown command.
As you read the scroll of fog, it crumbles to dust.
The scroll dissolves into smoke.
As you read the scroll of teleportation, it crumbles to dust.
You feel strangely unstable. Erica gestures at you while chanting.
You resist with significant effort.
Your surroundings suddenly seem different. 9 orcs, 2 orc warriors, 3 orc wizards and an orc knight come into view.
An orc is wielding a +0 trident and quivering silver boomerangs.
Found a runed translucent door.
The orc shouts!
The orc wizard shouts! x2; The orc shouts!
The orc wizard shouts!
The orc knight shouts!
The orc shouts!
An orc priest comes into view. It is wielding a +0 hand axe.
As you read the scroll of teleportation, it crumbles to dust.
You feel strangely unstable.
The orc priest shouts!
The orc shouts!
Aiming: Mindburst
Press: ? - help, Shift-Dir - straight line, f - orc wizard
Aim: an orc wizard, wielding a +0 dagger and wearing a +0 robe (chance to affect: 84%)
The orc wizard's mind is blasted!!
You blow up the orc wizard!
Cheibriados appreciates the change of pace.
The orc warrior shouts!
The orc shouts!
The orc complains repeatedly.
The orc priest calls down the wrath of Beogh upon you.
Beogh smites you!
* * * LOW HITPOINT WARNING * * *
You feel much better.
Your surroundings suddenly seem different.
A centaur warrior comes into view.
Found a ring mail.
Found a stone staircase leading down.
The centaur warrior shouts!
The centaur warrior wields a +0 longbow.
The centaur warrior shoots an arrow.
The arrow hits you!!
* * * LOW HITPOINT WARNING * * *
The centaur warrior shoots an arrow.
The arrow hits you!
You die...

#........
#.......>
#........
######.[......
#.............
#.............
#.............
#.............
#...@.........
#.............
+.............
#...c.........
##############


You could see a centaur warrior.

Vanquished Creatures
  Harold (D:8)
  Grinder (D:4)
  A vampire (D:8)
  Eustachio (D:5)
  A wraith (D:8)
  A vampire mosquito (D:5)
  Edmund (D:5)
  Duvessa (D:5)
  A water moccasin (D:7)
  Pargi (Sewer)
  3 ice beasts
  2 orc warriors
  A sky beast (D:6)
  2 ogres
  A black bear (D:5)
  2 centaurs
  A kobold brigand (D:6)
  2 bullfrogs
  8 scorpions (D:5)
  Dowan (D:5)
  A wyvern skeleton (D:6)
  10 wights
  3 howler monkeys
  3 jellies
  A centaur zombie (D:5)
  A hound (D:6)
  2 centaur skeletons
  5 orc priests
  Crazy Yiuf (D:3)
  2 bullfrog skeletons
  4 iguanas
  5 orc wizards
  A killer bee zombie (D:6)
  3 hound skeletons
  A howler monkey zombie (D:7)
  Robin (D:4)
  A howler monkey skeleton (D:4)
  3 gnolls (D:2)
  3 river rats (D:3)
  14 adders
  A white imp (D:5)
  An adder zombie (D:5)
  9 worms
  34 orcs
  5 ball pythons
  4 bats
  6 endoplasms
  5 giant cockroaches
  8 hobgoblins
  2 jackals (D:5)
  8 kobolds
  3 quokkas
  4 frilled lizards
  7 goblins
  A quokka skeleton (D:4)
  8 rats
  A butterfly (D:5)
205 creatures vanquished.

Vanquished Creatures (others)
  Ijyb (D:4)
  8 fungi (D:1)
  4 plants (D:1)
13 creatures vanquished.

Grand Total: 218 creatures vanquished

Notes
Turn   | Place    | Note
-------+----------+-------------------------------------------
     0 | D:1      | Ijustatesigmund the Gnoll Fighter began the quest for the
                  | Orb.
     0 | D:1      | Reached XP level 1. HP: 23/23 MP: 1/1
    80 | D:1      | Found a faded altar of an unknown god.
   458 | D:1      | Reached XP level 2. HP: 29/29 MP: 2/2
  1014 | D:2      | Reached XP level 3. HP: 35/35 MP: 3/3
  1111 | D:2      | Reached skill level 1 in Invocations
  1258 | D:2      | Found a glowing silver altar of Zin.
  1482 | D:2      | Reached skill level 1 in Short Blades
  1482 | D:2      | Reached skill level 1 in Long Blades
  1482 | D:2      | Reached skill level 1 in Maces & Flails
  1482 | D:2      | Reached skill level 1 in Polearms
  1482 | D:2      | Reached skill level 1 in Staves
  1482 | D:2      | Reached skill level 1 in Slings
  1482 | D:2      | Reached skill level 1 in Bows
  1482 | D:2      | Reached skill level 1 in Crossbows
  1482 | D:2      | Reached skill level 1 in Throwing
  1482 | D:2      | Reached skill level 1 in Dodging
  1482 | D:2      | Reached skill level 1 in Stealth
  1482 | D:2      | Reached skill level 1 in Unarmed Combat
  1482 | D:2      | Reached skill level 1 in Spellcasting
  1482 | D:2      | Reached skill level 1 in Evocations
  1486 | D:2      | Reached XP level 4. HP: 41/41 MP: 5/5
  1694 | D:3      | Reached skill level 1 in Conjurations
  1694 | D:3      | Reached skill level 1 in Hexes
  1694 | D:3      | Reached skill level 1 in Summonings
  1694 | D:3      | Reached skill level 1 in Necromancy
  1694 | D:3      | Reached skill level 1 in Translocations
  1694 | D:3      | Reached skill level 1 in Transmutations
  1694 | D:3      | Reached skill level 1 in Fire Magic
  1694 | D:3      | Reached skill level 1 in Ice Magic
  1694 | D:3      | Reached skill level 1 in Air Magic
  1694 | D:3      | Reached skill level 1 in Earth Magic
  1694 | D:3      | Reached skill level 1 in Poison Magic
  1837 | D:3      | Reached XP level 5. HP: 42/47 MP: 5/7
  1998 | D:3      | Found a glowing drain.
  2004 | Sewer    | Entered a sewer
  2016 | Sewer    | Noticed Pargi
  2023 | Sewer    | Killed Pargi
  2024 | Sewer    | Reached XP level 6. HP: 51/53 MP: 8/8
  2066 | Sewer    | Reached skill level 5 in Axes
  2317 | D:3      | Found a runed translucent door.
  2318 | D:3      | Noticed Crazy Yiuf
  2328 | D:3      | Killed Crazy Yiuf
  2957 | D:4      | Noticed Robin
  2966 | D:4      | Reached XP level 7. HP: 38/59 MP: 10/10
  2977 | D:4      | Killed Robin
  3194 | D:4      | Found a staircase to the Ecumenical Temple.
  3324 | D:4      | Found a burning altar of Makhleb.
  3380 | D:4      | Found a shimmering altar of Xom.
  3388 | D:4      | Noticed Grinder
  3396 | D:4      | Paralysed by Grinder for 2 turns
  3404 | D:4      | Killed Grinder
  3538 | D:4      | Found Pyduav's Assorted Antiques.
  3813 | D:4      | Bought a moonstone ring for 125 gold pieces
  3813 | D:4      | Bought an orange potion for 22 gold pieces
  3813 | D:4      | Bought a viscous cyan potion for 22 gold pieces
  4082 | D:4      | Reached XP level 8. HP: 67/67 MP: 12/12
  4085 | D:4      | Noticed Ijyb
  4094 | D:4      | Killed Ijyb
  4238 | D:5      | Entered Level 5 of the Dungeon
  4238 | D:5      | Noticed Eustachio
  4248 | D:5      | Killed Eustachio
  4512 | D:5      | Noticed Dowan
  4515 | D:5      | Noticed Duvessa
  4660 | D:5      | Killed Duvessa
  4667 | D:5      | Killed Dowan
  4786 | D:5      | Noticed Edmund
  4802 | D:5      | Killed Edmund
  5375 | D:5      | Found a runed translucent door.
  5377 | D:5      | Found a runed translucent door.
  5438 | D:5      | Reached XP level 9. HP: 66/72 MP: 14/14
  6300 | D:6      | Reached skill level 5 in Invocations
  6867 | D:7      | Reached XP level 10. HP: 80/80 MP: 17/17
  7273 | Temple   | Entered the Ecumenical Temple
  7424 | Temple   | Became a worshipper of Cheibriados the Contemplative
  7810 | D:7      | Reached skill level 5 in Short Blades
  7810 | D:7      | Reached skill level 5 in Long Blades
  7810 | D:7      | Reached skill level 5 in Maces & Flails
  7810 | D:7      | Reached skill level 5 in Polearms
  7810 | D:7      | Reached skill level 5 in Staves
  7810 | D:7      | Reached skill level 5 in Slings
  7810 | D:7      | Reached skill level 5 in Bows
  7810 | D:7      | Reached skill level 5 in Crossbows
  7810 | D:7      | Reached skill level 5 in Throwing
  7810 | D:7      | Reached skill level 5 in Dodging
  7810 | D:7      | Reached skill level 5 in Stealth
  7810 | D:7      | Reached skill level 5 in Unarmed Combat
  7810 | D:7      | Reached skill level 5 in Spellcasting
  7810 | D:7      | Reached skill level 5 in Evocations
  8856 | D:8      | Noticed Harold
  8896 | D:8      | Killed Harold
  9357 | D:8      | Reached * piety under Cheibriados
 10096 | D:9      | Noticed Erica
 10098 | D:9      | Noticed Joseph
 10104 | D:9      | Found a runed translucent door.
 10104 | D:9      | Noticed an orc knight
 10107 | D:9      | Noticed a centaur warrior
 10109 | D:9      | Shot with an arrow by a centaur warrior

Illustrated notes

Levels and vault maps discovered:
D:1:      roderic_chinese_lattice_arrival, layout_loops_ring,
          shapermc_ecumenical_altar_mp_urbaneastern
D:2:      layout_basic, basic_altar, solitary_fountain, chequers_jeans
D:3:      layout_loops_ring, lightli_sewer_entry_pipes, uniq_crazy_yiuf_cottage
D:4:      layout_gridville, amcnicky_altar_gilded,
          mainiacjoe_overflow_cross_hatched, minmay_temple_entry_proselytizer,
          skrybe_limestone_x, kennysheep_windowed_goal, uniq_robin,
          uniq_grinder, uniq_ijyb
D:5:      lemuel_insect_pit, layout_basic, uniq_edmund, uniq_duvessa,
          uniq_eustachio
D:6:      layout_rooms
D:7:      layout_basic
D:8:      layout_basic, uniq_harold
D:9:      layout_gridville, orc_0_dummy, amcnicky_mini_pool_small,
          grunt_decor_clamped, lightli_church_of_beogh, uniq_erica, uniq_joseph
Temple:   nicolae_temple_elliptical

Skill      XL: |  1  2  3  4  5  6  7  8  9 10 |
---------------+-------------------------------+-----
Invocations    | 1 2 3 4 5 6 |  6.0
Short Blades   | 1 2 3 4 5 |  5.4
Long Blades    | 1 2 3 4 5 |  5.4
Maces & Flails | 1 2 3 4 5 |  5.4
Polearms       | 1 2 3 4 5 |  5.4
Staves         | 1 2 3 4 5 |  5.4
Slings         | 1 2 3 4 5 |  5.4
Bows           | 1 2 3 4 5 |  5.4
Crossbows      | 1 2 3 4 5 |  5.4
Throwing       | 1 2 3 4 5 |  5.4
Dodging        | 1 2 3 4 5 |  5.4
Stealth        | 1 2 3 4 5 |  5.4
Unarmed Combat | 1 2 3 4 5 |  5.4
Spellcasting   | 1 2 3 4 5 |  5.4
Evocations     | 1 2 3 4 5 |  5.4
Conjurations   | 1 2 3 4 |  4.4
Hexes          | 1 2 3 4 |  4.4
Summonings     | 1 2 3 4 |  4.4
Necromancy     | 1 2 3 4 |  4.4
Translocations | 1 2 3 4 |  4.4
Transmutations | 1 2 3 4 |  4.4
Fire Magic     | 1 2 3 4 |  4.4
Ice Magic      | 1 2 3 4 |  4.4
Air Magic      | 1 2 3 4 |  4.4
Earth Magic    | 1 2 3 4 |  4.4
Poison Magic   | 1 2 3 4 |  4.4
Axes           | 5 6 7 |  7.2
Fighting       | 7 8 |  8.6
Armour         | 7 8 |  8.6
Shields        | 7 8 |  8.6

Action                   |  1- 3 |  4- 6 |  7- 9 | 10-12 || total
-------------------------+-------+-------+-------+-------++-------
Melee: War axe           |    97 |   157 |   386 |   175 ||   815
       Bite              |     8 |    15 |    42 |    17 ||    82
Throw: Dart              |     8 |     5 |    39 |     9 ||    61
Evoke: Wand              |       |       |       |     1 ||     1
  Use: Scroll            |     4 |     6 |    10 |     7 ||    27
       Potion            |       |     1 |     7 |     3 ||    11
 Stab: Invisible         |       |       |     6 |       ||     6
       Sleeping          |       |       |     1 |     1 ||     2
Armor: Scale mail        |    29 |    59 |   187 |    75 ||   350
Dodge: Dodged            |    28 |    74 |   171 |    93 ||   366
Block: Buckler           |    24 |    44 |   122 |    69 ||   259

Table legend: (Time is in decaauts)
 A = Elapsed time spent in this place.
 B = Non-inter-level travel time spent in this place.
 C = Inter-level travel time spent in this place.
 D = Time resting spent in this place.
 E = Time spent auto-exploring this place.
 F = Levels seen in this place.
 G = Mean time per level.
                   A        B        C        D        E       F      G
               +--------+--------+--------+--------+--------+-----+--------+
         Total |  10835 |  10320 |    515 |   1307 |   7017 |  11 |  985.0 |
       Dungeon |  10491 |  10015 |    476 |   1307 |   6804 |   9 | 1165.7 |
        Temple |    173 |    134 |     39 |      0 |    119 |   1 |  173.0 |
         Sewer |    170 |    170 |      0 |      0 |     94 |   1 |  170.0 |
               +--------+--------+--------+--------+--------+-----+--------+

Top non-repeatable levels by time:
     D:5: 1991 daAuts
     D:8: 1791 daAuts
     D:7: 1659 daAuts
     D:4: 1409 daAuts
     D:3: 1118 daAuts
     D:1: 1007 daAuts
     D:2: 702 daAuts
     D:6: 670 daAuts
  Temple: 173 daAuts
   Sewer: 170 daAuts
     D:9: 141 daAuts
